Map: Dusk Towers

Players

Fropez - Winner!

  • Race: Protoss Protoss
  • League: Silver
  • Spawn Location: 1:00

kohlerpwns

  • Race: Zerg Zerg
  • League: Silver
  • Spawn Location: 7:00

VOD

Have the link to the VOD?

Description

Time

  • Played on: May 9, 2016, 4:22 p.m.
  • Length: 15:58
Show
View Real Time Build Order
Export as new Build Order

Fropez Protoss - Winner!

Build Orders:  

Get SALT Encoding   

  12  0:01  Probe (Chrono Boost)  
  13  0:17  Pylon  
  13  0:22  Probe (Chrono Boost)  
  14  0:33  Probe (Chrono Boost)  
  15  0:40  Gateway  
  15  0:44  Assimilator  
  15  0:50  Probe (Chrono Boost)  
  16  1:01  Probe (Chrono Boost)  
  16  1:02  Pylon  
  18  1:11  Probe (Chrono Boost)  
  18  1:14  Pylon  
  18  1:22  Probe (Chrono Boost)  
  18  1:30  Assimilator  
  18  1:32  Probe (Chrono Boost)  
  19  1:39  Cybernetics Core  
  19  1:43  Probe (Chrono Boost)  
  20  1:53  Probe (Chrono Boost)  
  21  2:04  Gateway  
  23  2:16  Warp Gate (Chrono Boost), Mothership Core (Chrono Boost)  
  23  2:34  Probe (Chrono Boost)  
  24  2:44  Probe (Chrono Boost)  
  24  2:49  Pylon  
  25  2:55  Nexus  
  26  2:58  Probe  
  26  3:10  Probe  
  27  3:15  Gateway  
  27  3:22  Probe  
  28  3:44  Probe  
  29  3:48  Gateway  
  29  3:51  Pylon  
  29  4:11  Adept x3  
  29  4:15  Probe  
  29  4:16  Probe  
  37  4:26  Probe  
  37  4:29  Forge  
  38  4:31  Twilight Council  
  38  4:34  Probe, Assimilator  
  39  4:38  Assimilator  
  39  4:43  Probe  
  40  4:47  Pylon  
  40  4:55  Protoss Ground Weapons Level 1  
  38  5:09  Charge (Chrono Boost)  
  35  5:20  Stalker x3  
  39  5:26  Probe  
  39  5:28  Probe  
  41  5:36  Pylon  
  41  5:39  Probe  
  41  5:42  Probe  
  43  5:55  Pylon  
  43  6:14  Zealot x4  
  51  6:19  Robotics Facility  
  51  6:28  Robotics Facility  
  51  6:35  Protoss Ground Weapons Level 2  
  51  6:39  Nexus  
  51  6:42  Probe  
  51  6:45  Probe  
  53  6:54  Probe  
  54  7:10  Immortal  
  58  7:17  Immortal  
  62  7:31  Pylon, Probe  
  62  7:35  Pylon  
  62  7:36  Probe  
  64  7:37  Pylon  
  64  7:49  Immortal  
  68  7:56  Immortal  
  68  7:57  Probe  
  73  7:59  Probe x2  
  75  8:09  Probe  
  75  8:10  Templar Archives  
  75  8:11  Probe x2  
  78  8:28  Immortal  
  82  8:35  Probe, Immortal  
  82  8:36  Pylon, Probe  
  88  9:02  Zealot x2  
  89  9:03  Zealot x2  
  85  9:23  Observer x2  
  87  9:25  Stalker x4  
  95  9:38  Probe x2  
  95  9:39  Probe  
  95  9:43  Assimilator  
  98  9:47  Assimilator  
  98  9:51  Gateway  
  98  9:54  Gateway  
  98  9:58  Photon Cannon  
  98  10:00  Photon Cannon  
  98  10:03  Probe, Photon Cannon  
  98  10:06  Protoss Ground Weapons Level 3  
  99  10:10  Probe  
  99  10:11  Probe  
  101  10:35  Pylon  
  101  10:38  Pylon  
  101  10:39  High Templar x2  
  101  10:40  High Templar x2  
  109  10:50  Gateway  
  109  10:55  Probe x2  
  109  10:56  Probe  
  112  11:00  Archon x2  
  112  11:05  Stalker x2  
  115  11:17  Pylon  
  111  11:19  Stalker x3  
  111  11:20  Stalker  
  118  11:41  Blink (Chrono Boost)  
  118  12:06  Nexus  
  118  12:07  Zealot x6  
  130  12:09  Pylon  
  130  12:25  Pylon  
  130  12:29  Stalker x2  
  138  12:30  Stalker  
  138  12:36  Pylon  
  133  12:44  Stalker x3  
  133  12:51  Pylon  
  133  13:12  Stalker x4  
  125  13:22  Probe x2  
  74  14:20  High Templar  
  74  14:21  High Templar x5  
  82  14:29  Probe x2  
  82  14:30  Probe x2  
  86  14:38  Archon  
  86  14:39  Archon x2  
  86  14:40  Probe x2  
  86  14:42  Probe x2  
  90  14:50  Probe x2  
  92  15:10  Pylon  
  80  15:38  Probe x2  
  80  15:39  Probe x2  
  82  15:44  Assimilator  
  82  15:49  Pylon  
  76  15:50  Assimilator, Photon Cannon  
  76  15:52  Pylon  
  76  15:55  Photon Cannon  
  77  15:58  Photon Cannon  
Show
View Real Time Build Order
Export as new Build Order

kohlerpwns Zerg 

Build Orders: Hatch First 

Get SALT Encoding   

  12  0:29  Hatchery  
  12  0:35  Drone  
  12  0:37  Drone  
  12  0:39  Drone  
  14  0:56  Overlord  
  14  1:00  Overlord  
  14  1:14  Drone  
  15  1:19  Drone  
  16  1:29  Spawning Pool  
  15  1:42  Drone x3  
  18  1:56  Overlord  
  18  1:57  Extractor, Drone  
  18  2:02  Drone  
  18  2:03  Drone  
  20  2:09  Extractor  
  20  2:12  Drone  
  20  2:13  Drone  
  21  2:23  Drone  
  21  2:24  Queen  
  21  2:28  Queen  
  26  2:32  Drone  
  27  2:42  Drone  
  27  2:43  Drone  
  29  2:44  Drone  
  29  2:47  Drone  
  31  2:58  Drone  
  32  3:18  Queen x2, Roach Warren  
  35  3:27  Overlord  
  35  3:41  Hatchery  
  35  3:48  Drone  
  35  3:49  Drone  
  35  3:51  Drone x2  
  35  3:54  Drone  
  39  3:56  Drone  
  40  4:06  Roach  
  40  4:07  Roach  
  40  4:09  Roach  
  48  4:17  Roach  
  48  4:18  Roach  
  48  4:23  Roach  
  52  4:30  Overlord  
  52  4:43  Overlord  
  52  4:44  Overlord  
  52  4:52  Roach x2  
  58  4:53  Roach  
  55  5:25  Overlord x4  
  55  5:27  Drone x5  
  55  5:28  Drone x2  
  62  5:47  Roach x5  
  62  5:48  Roach  
  74  6:11  Lair  
  74  6:50  Extractor  
  74  6:51  Extractor  
  74  6:52  Drone  
  74  6:53  Drone x7  
  80  6:55  Roach x6  
  80  6:56  Roach x5  
  102  7:11  Drone  
  102  7:12  Drone x2  
  102  7:14  Evolution Chamber  
  102  7:15  Evolution Chamber  
  103  7:22  Glial Reconstitution  
  103  7:30  Overseer  
  103  7:32  Nydus Network  
  103  7:34  Overseer  
  102  7:39  Zerg Missile Weapons Level 1  
  102  7:41  Zerg Ground Armor Level 1  
  102  7:53  Drone x2  
  104  8:02  Overlord x2  
  104  8:07  Metabolic Boost  
  104  8:24  Overseer  
  104  8:29  Spire  
  104  8:30  Spire  
  102  8:34  Nydus Canal  
  50  9:22  Roach x4  
  50  9:23  Roach x6  
  50  9:24  Roach x7  
  78  9:25  Roach x7  
  98  9:34  Zerg Melee Weapons Level 1  
  98  9:59  Extractor, Hatchery  
  96  10:00  Extractor  
  95  10:10  Mutalisk x3  
  95  10:11  Mutalisk x2  
  105  10:25  Drone  
  105  10:26  Drone x5  
  111  10:34  Zerg Missile Weapons Level 2  
  111  10:50  Corruptor x2  
  111  10:52  Mutalisk  
  117  11:33  Mutalisk x2  
  117  11:34  Mutalisk x2  
  125  11:45  Infestation Pit, Drone x3  
  125  11:46  Drone  
  128  12:04  Zerg Flyer Armor Level 1  
  128  12:05  Zerg Flyer Weapons Level 1  
  128  12:15  Overlord x4  
  128  12:16  Overlord  
  77  13:42  Zergling x2  
  77  13:43  Zergling x16  
  77  13:44  Zergling x14  
  77  13:45  Zergling x10  
  73  13:49  Hive  
  47  14:31  Hatchery  
  46  14:48  Hatchery x2  
  44  14:53  Mutalisk x3  
  44  14:56  Mutalisk x3  
  49  15:17  Overlord  
Tags
 
Matchup
PvZ
Replay Pack
All Mines
Spawn Locations
Cross Positions
Add a new tag
Caveats
  • Supply blocks, unpowered buildings, or Contaminate may cause inaccurate times.
  • Supply counts are checked every 10 seconds.